[Event "Titled Tuesday Blitz November 22 Late 2022"]
[White "Sargsyan, Anna M."]
[Black "Svane, Rasmus"]
[WhiteFideId "13308130"]
[BlackFideId "4657101"]
[WhiteElo "2284"]
[BlackElo "2674"]
[Result "0-1"]
[Round "02"]
[TimeControl "180+1"]
[Date "2022.11.22"]
[WhiteClock "0:00:01"]
[BlackClock "0:01:09"]

1. e4 c6 2. d4 d5 3. exd5 cxd5 4. Bd3 Nc6 5. c3 Nf6 6. Bf4 Bg4 7. f3 Bh5 8. Ne2 e6 9. O-O Bd6 10. Nd2 Bg6 11. Qb1 O-O 12. Re1 Qc7 13. Bg3 Rfe8 14. Nf1 b5 15. a3 a5 16. Bxg6 hxg6 17. Qd3 b4 18. axb4 axb4 19. cxb4 Nxb4 20. Qc3 Bxg3 21. Nfxg3 Qb7 22. Rxa8 Rxa8 23. Nf1 Rc8 24. Qb3 Rb8 25. Rc1 Ne8 26. Ne3 Nd6 27. Nf4 Qb6 28. Ne2 Nc6 29. Qxb6 Rxb6 30. Kf2 Kf8 31. Ke1 Ke7 32. Rc2 Kd7 33. Kd2 Rb4 34. Kc3 Nb5+ 35. Kd3 Ncxd4 36. Nxd4 Rxd4+ 37. Ke2 Rb4 38. Kf2 Nd6 39. g4 g5 40. Kg3 Rb3 41. Nf1 d4 42. Nd2 Rb4 43. Kf2 e5 44. Ke2 g6 45. Kd3 f5 46. Rc5 Ke6 47. f4 gxf4 48. gxf5+ gxf5 49. h4 f3 0-1


[Site "https://www.chess.com"]

[Event "Titled Tuesday Blitz November 22 Late 2022"]
[White "Sariego Figueredo, Wilfredo"]
[Black "Al-Tarboush, Ward"]
[WhiteFideId "3500080"]
[BlackFideId "7601450"]
[WhiteElo "2309"]
[BlackElo "2273"]
[Result "0-1"]
[Round "02"]
[TimeControl "180+1"]
[Date "2022.11.23"]
[WhiteClock "0:02:14"]
[BlackClock "0:02:41"]

1. d4 b6 2. Bf4 Bb7 3. Nf3 e6 4. Nbd2 Nf6 5. e3 c5 6. c3 Be7 7. Bd3 Nc6 8. O-O d6 9. Re1 e5 10. dxe5 dxe5 11. Nxe5 Nxe5 12. Bxe5 Qxd3 13. Bxf6 Bxf6 14. Qa4+ Qd7 15. Qxd7+ Kxd7 16. Rad1 Kc7 17. Nf3 Rad8 18. Kf1 Ba6+ 19. Kg1 Rxd1 20. Rxd1 Rd8 21. Rxd8 Kxd8 22. b3 Bxc3 0-1


[Site "https://www.chess.com"]

[Event "Titled Tuesday Blitz November 22 Late 2022"]
[White "Schut, Han"]
[Black "Ibadov, Dashgyn"]
[WhiteFideId "1005561"]
[BlackFideId "24107514"]
[WhiteElo "2024"]
[BlackElo "2208"]
[Result "1/2-1/2"]
[Round "02"]
[TimeControl "180+1"]
[Date "2022.11.23"]
[WhiteClock "0:01:01"]
[BlackClock "0:00:32"]

1. e4 e5 2. Nf3 Nc6 3. Bc4 Bc5 4. c3 Nf6 5. d4 exd4 6. b4 Bb6 7. e5 Ne4 8. Bd5 Nxc3 9. Nxc3 dxc3 10. Bg5 Ne7 11. O-O h6 12. Bh4 g5 13. Nxg5 hxg5 14. Bxg5 c6 15. Bb3 Qc7 16. Qf3 Rf8 17. Rad1 Ng6 18. Rfe1 a5 19. Qf6 Qd8 20. Bxf7+ Rxf7 21. Qxg6 Bxf2+ 22. Kh1 Bxe1 23. Qg8+ Rf8 24. Qg6+ Rf7 25. Qg8+ Rf8 26. Qg6+ Rf7 1/2-1/2


[Site "https://www.chess.com"]

[Event "Titled Tuesday Blitz November 22 Late 2022"]
[White "Sebag, Marie"]
[Black "Novikova, Galina"]
[WhiteFideId "617822"]
[BlackFideId "4157095"]
[WhiteElo "2440"]
[BlackElo "1973"]
[Result "0-1"]
[Round "02"]
[TimeControl "180+1"]
[Date "2022.11.23"]
[WhiteClock "0:00:45"]
[BlackClock "0:00:33"]

1. c4 e6 2. Nc3 d5 3. d4 c6 4. Bf4 Bd6 5. Bxd6 Qxd6 6. e3 Nf6 7. Nf3 Nbd7 8. Qc2 O-O 9. Be2 dxc4 10. Bxc4 e5 11. dxe5 Nxe5 12. Nxe5 Qxe5 13. h3 Bf5 14. Qe2 b5 15. Bd3 Bxd3 16. Qxd3 Rad8 17. Qe2 b4 18. Na4 Ne4 19. O-O Rd2 20. Qf3 f5 21. Rad1 Rfd8 22. Rc1 R8d6 23. Rc4 Qb5 24. b3 R2d5 25. Rfc1 Nd2 26. Qh5 g6 27. Qh6 Nxc4 28. bxc4 Rd1+ 29. Rxd1 Rxd1+ 30. Kh2 Qe5+ 31. g3 Rd2 32. Kg2 Rxa2 33. Qg5 Qe4+ 34. Kg1 Ra1+ 0-1


[Site "https://www.chess.com"]

[Event "Titled Tuesday Blitz November 22 Late 2022"]
[White "Shimanov, Aleksandr"]
[Black "Riff, Vincent"]
[WhiteFideId "4198603"]
[BlackFideId "617776"]
[WhiteElo "2605"]
[BlackElo "2369"]
[Result "1/2-1/2"]
[Round "02"]
[TimeControl "180+1"]
[Date "2022.11.22"]
[WhiteClock "0:00:50"]
[BlackClock "0:00:20"]

1. e4 c5 2. Nf3 Nc6 3. Bb5 d6 4. O-O Bd7 5. c3 Nf6 6. Re1 a6 7. Ba4 b5 8. Bc2 Bg4 9. d3 e6 10. Nbd2 Be7 11. h3 Bh5 12. Nf1 O-O 13. Ng3 Bg6 14. d4 cxd4 15. cxd4 d5 16. e5 Nd7 17. Bxg6 hxg6 18. Be3 Rc8 19. Nh2 Nb4 20. Re2 Bg5 21. a3 Nc6 22. Rc1 Bxe3 23. fxe3 Qg5 24. Ngf1 Nxd4 25. Rf2 Rxc1 26. Qxc1 Nxe5 27. Qc7 Ndc6 28. Nf3 Nxf3+ 29. Rxf3 Ne5 30. Rf2 Nc4 31. Qa7 Qe5 32. Qxa6 Nxb2 33. Qxb5 Nc4 34. a4 Rb8 35. Qc5 Rb1 36. Re2 Qf5 37. Rf2 Qe5 38. Re2 Qf5 39. Rf2 Qe5 1/2-1/2


[Site "https://www.chess.com"]

[Event "Titled Tuesday Blitz November 22 Late 2022"]
[White "Silva, Pedro Gil Ferreira Da"]
[Black "Mendonca, Mateus Nakajo"]
[WhiteFideId "1946102"]
[BlackFideId "2110954"]
[WhiteElo "2241"]
[BlackElo "2310"]
[Result "0-1"]
[Round "02"]
[TimeControl "180+1"]
[Date "2022.11.23"]
[WhiteClock "0:01:30"]
[BlackClock "0:00:36"]

1. c4 e6 2. Nf3 d5 3. g3 c6 4. Bg2 dxc4 5. Ne5 Qd4 6. f4 Nd7 7. e3 Qc5 8. d4 cxd3 9. Nxd3 Qb6 10. Nc3 Ngf6 11. O-O Be7 12. Kh1 h5 13. h3 Nc5 14. e4 Nxd3 15. Qxd3 Bd7 16. Be3 Qa5 17. a3 O-O 18. b4 Qc7 19. Rac1 Rad8 20. e5 Nd5 21. Bxd5 exd5 22. Nxd5 Bxh3 23. Rfd1 Qd7 24. Nf6+ 0-1


[Site "https://www.chess.com"]

[Event "Titled Tuesday Blitz November 22 Late 2022"]
[White "Simonovic, Miroslav"]
[Black "Rangel, Daniel"]
[WhiteFideId "919152"]
[BlackFideId "2124475"]
[WhiteElo "2043"]
[BlackElo "2225"]
[Result "0-1"]
[Round "02"]
[TimeControl "180+1"]
[Date "2022.11.23"]
[WhiteClock "0:00:12"]
[BlackClock "0:00:18"]

1. d4 d5 2. Bg5 c6 3. e3 Nd7 4. f4 Ngf6 5. Nd2 h6 6. Bh4 Rg8 7. Ngf3 e6 8. c4 Be7 9. Qc2 b6 10. Ne5 Nxe5 11. dxe5 Nd7 12. Bf2 Bb7 13. O-O-O Nc5 14. e4 Rc8 15. Kb1 Qc7 16. cxd5 cxd5 17. Bb5+ Kf8 18. exd5 Bxd5 19. Rc1 Qb7 20. b4 a6 21. Be2 Bxg2 22. Rhg1 Bd5 23. bxc5 Bxc5 24. Bxc5+ Rxc5 25. Qd3 Ra5 26. Rc2 g6 27. h4 h5 28. Nb3 Be4 29. Qd8+ Kg7 30. Qf6+ Kh7 31. Rc1 Rc8 32. Kb2 Rxc2+ 33. Rxc2 Bxc2 34. Kxc2 Rd5 35. Kb2 a5 36. Bf3 a4 37. Bxd5 exd5 38. Nd4 b5 39. f5 Qa7 40. fxg6+ fxg6 41. e6 a3+ 42. Kb3 Qa4+ 43. Kc3 Qc4+ 44. Kd2 Qxa2+ 45. Ke3 Qb1 46. Qf7+ Kh6 47. e7 Qe4+ 48. Kd2 Qxd4+ 49. Ke1 a2 50. Qf8+ Qg7 51. Qxg7+ Kxg7 52. e8=Q a1=Q+ 53. Kf2 Qf6+ 54. Kg2 Qb2+ 55. Kg3 Qc3+ 56. Kg2 Qd2+ 57. Kg3 Qd3+ 58. Kg2 Qe4+ 59. Qxe4 dxe4 60. Kf2 b4 61. Ke3 b3 62. Kxe4 b2 0-1


[Site "https://www.chess.com"]

[Event "Titled Tuesday Blitz November 22 Late 2022"]
[White "Skatchkov, Valery"]
[Black "Lobanov, Sergei"]
[WhiteFideId "24195812"]
[BlackFideId "24183750"]
[WhiteElo "2565"]
[BlackElo "2853"]
[Result "0-1"]
[Round "02"]
[TimeControl "180+1"]
[Date "2022.11.23"]
[WhiteClock "0:01:56"]
[BlackClock "0:01:24"]

1. d4 Nf6 2. c4 e6 3. Nf3 d5 4. g3 Bb4+ 5. Nbd2 O-O 6. Bg2 b6 7. O-O Bb7 8. Ne5 a5 9. a3 Be7 10. b3 Nbd7 11. Bb2 c5 12. cxd5 Bxd5 13. Nc6 Bxc6 14. Bxc6 Rc8 15. Bg2 cxd4 16. Bxd4 Bc5 17. Bb2 Qe7 18. e3 Rfd8 19. Qe2 h5 20. h3 h4 21. g4 Bd6 22. Nc4 Bc7 23. Rad1 Nc5 24. b4 axb4 25. axb4 Na4 26. Be5 b5 27. Bxc7 Rxd1 28. Rxd1 Qxc7 29. Nd6 Nc3 30. Qd2 Rd8 31. Rc1 Ne2+ 0-1


[Site "https://www.chess.com"]

[Event "Titled Tuesday Blitz November 22 Late 2022"]
[White "Souleidis, Georgios"]
[Black "Cannon, David"]
[WhiteFideId "4206827"]
[BlackFideId "3213110"]
[WhiteElo "2401"]
[BlackElo "2013"]
[Result "1-0"]
[Round "02"]
[TimeControl "180+1"]
[Date "2022.11.23"]
[WhiteClock "0:00:25"]
[BlackClock "0:00:09"]

1. e4 c5 2. Be2 Nc6 3. d3 g6 4. f4 Bg7 5. Nf3 e6 6. O-O Nge7 7. c3 d5 8. Na3 O-O 9. Nc2 b6 10. e5 f6 11. d4 cxd4 12. cxd4 fxe5 13. fxe5 Bd7 14. Bg5 h6 15. Be3 Na5 16. b3 Rc8 17. Qd2 Kh7 18. Rac1 Qe8 19. Bd3 Bb5 20. Nb4 Bxd3 21. Nxd3 Nf5 22. Bf2 Qd7 23. g4 Ne7 24. Be3 Rxc1 25. Nxc1 g5 26. Qd3+ Kg8 27. Ne2 Qe8 28. h4 gxh4 29. Nxh4 Rxf1+ 30. Kxf1 Qf7+ 31. Kg2 Nac6 32. Ng3 Nb4 33. Qd2 Nbc6 34. Nh5 Ng6 35. Nf3 Nce7 36. Bxh6 Bxh6 37. Qxh6 Qf8 38. Nf6+ Kf7 39. Ng5# 1-0


[Site "https://www.chess.com"]

[Event "Titled Tuesday Blitz November 22 Late 2022"]
[White "Stanisz, Patryk"]
[Black "Jaracz, Pawel"]
[WhiteFideId "1123106"]
[BlackFideId "1102222"]
[WhiteElo "2069"]
[BlackElo "2459"]
[Result "0-1"]
[Round "02"]
[TimeControl "180+1"]
[Date "2022.11.23"]
[WhiteClock "0:00:02"]
[BlackClock "0:00:53"]

1. d4 Nf6 2. c4 e6 3. Nc3 Bb4 4. e3 O-O 5. Ne2 d5 6. a3 Bd6 7. Ng3 c6 8. Bd3 Nbd7 9. e4 e5 10. cxd5 exd4 11. Nce2 cxd5 12. exd5 Nc5 13. O-O Nxd3 14. Qxd3 Be5 15. f4 Bc7 16. Kh1 Qxd5 17. Qxd4 Qxd4 18. Nxd4 Bb6 19. Ndf5 Re8 20. Nd6 Rd8 21. Nxc8 Raxc8 22. f5 Rc2 23. Bg5 Rxb2 24. Bxf6 gxf6 25. Ne4 Kg7 26. Rf3 Bd4 27. Rd1 Be5 28. Rdf1 Rd4 29. g3 Rxe4 0-1


[Site "https://www.chess.com"]

[Event "Titled Tuesday Blitz November 22 Late 2022"]
[White "Steinberg, Nitzan"]
[Black "Annaberdiyev, Babageldi"]
[WhiteFideId "2801795"]
[BlackFideId "14000385"]
[WhiteElo "2880"]
[BlackElo "2601"]
[Result "0-1"]
[Round "02"]
[TimeControl "180+1"]
[Date "2022.11.23"]
[WhiteClock "0:00:15"]
[BlackClock "0:01:02"]

1. Nf3 c5 2. e4 Nc6 3. Bb5 Nb8 4. c3 a6 5. Be2 b5 6. d4 cxd4 7. cxd4 Bb7 8. d5 Nf6 9. Bd3 e6 10. Bg5 Be7 11. d6 Bxd6 12. e5 Bb4+ 13. Nbd2 h6 14. Bh4 g5 15. Nxg5 hxg5 16. Bxg5 Be7 17. exf6 Bxf6 18. Bxf6 Qxf6 19. Be4 d5 20. Bd3 Nc6 21. Rc1 Nb4 22. Bb1 Qxb2 23. O-O Qf6 24. Re1 Rd8 25. Nb3 d4 26. Qg4 Kf8 27. Rc7 Bxg2 28. Bg6 Bf3 29. Rxe6 fxe6 30. Qg3 Rg8 0-1


[Site "https://www.chess.com"]

[Event "Titled Tuesday Blitz November 22 Late 2022"]
[White "Storey, Charles H"]
[Black "Kilic, Eray"]
[WhiteFideId "406686"]
[BlackFideId "44517173"]
[WhiteElo "2252"]
[BlackElo "2328"]
[Result "0-1"]
[Round "02"]
[TimeControl "180+1"]
[Date "2022.11.23"]
[WhiteClock "0:00:19"]
[BlackClock "0:02:10"]

1. c4 e5 2. g3 Nc6 3. Bg2 g6 4. Nc3 Bg7 5. d3 Nge7 6. Bd2 O-O 7. Rb1 d6 8. b4 f5 9. b5 Nd4 10. e3 Ne6 11. Nd5 Nxd5 12. cxd5 Nc5 13. Qc2 e4 14. dxe4 fxe4 15. f4 exf3 16. Nxf3 Bf5 17. Qd1 Bxb1 18. Qxb1 Qe7 19. O-O Rae8 20. Nd4 Rxf1+ 21. Qxf1 Bxd4 22. exd4 Ne4 23. Bh6 Qf6 24. Qxf6 Nxf6 25. Bg5 Kf7 26. Kf1 Ng4 27. Bh3 Ne3+ 28. Kf2 Nf5 29. a4 b6 30. Bd2 Nxd4 31. Bc3 Nf5 32. g4 Ne3 33. g5 Nd1+ 0-1


[Site "https://www.chess.com"]

[Event "Titled Tuesday Blitz November 22 Late 2022"]
[White "Suarez Uriel, Adrian"]
[Black "chess50years"]
[WhiteFideId "22230874"]
[WhiteElo "2331"]
[BlackElo "2062"]
[Result "1-0"]
[Round "02"]
[TimeControl "180+1"]
[Date "2022.11.23"]
[WhiteClock "0:02:13"]
[BlackClock "0:00:46"]

1. d4 d6 2. Nf3 g6 3. h4 Nf6 4. h5 Nxh5 5. Rxh5 gxh5 6. e4 Bg4 7. Nc3 Bg7 8. Be2 Nc6 9. Be3 e5 10. d5 Bxf3 11. dxc6 Bxe2 12. Qxe2 bxc6 13. Qxh5 Qf6 14. O-O-O Qg6 15. Qh3 O-O 16. g4 Bf6 17. g5 Bxg5 18. Ne2 Bxe3+ 19. Qxe3 Kh8 20. Ng3 Rab8 21. Nf5 Rb6 22. b3 c5 23. Rh1 c4 24. Rh6 Qg1+ 25. Kb2 c3+ 26. Qxc3 Qxf2 27. Qh3 1-0


[Site "https://www.chess.com"]

[Event "Titled Tuesday Blitz November 22 Late 2022"]
[White "Svicevic, Rastko"]
[Black "Urbina Perez, Juan Antonio"]
[WhiteFideId "916315"]
[BlackFideId "2217368"]
[WhiteElo "2077"]
[BlackElo "2197"]
[Result "1-0"]
[Round "02"]
[TimeControl "180+1"]
[Date "2022.11.23"]
[WhiteClock "0:00:06"]
[BlackClock "0:00:06"]

1. d4 Nf6 2. Bg5 e6 3. e4 h6 4. Bxf6 Qxf6 5. c3 g6 6. Bd3 Bg7 7. Ne2 O-O 8. O-O c5 9. f4 Nc6 10. e5 Qe7 11. Nd2 d6 12. exd6 Qxd6 13. Ne4 Qc7 14. Nxc5 b6 15. Ne4 Bb7 16. N4g3 Rad8 17. Qe1 Ne7 18. Be4 Nd5 19. Qf2 b5 20. Rac1 a6 21. b3 Qb6 22. Kh1 Nf6 23. Bxb7 Qxb7 24. Qf3 Qa7 25. c4 Rd7 26. Rfd1 Rfd8 27. c5 Rc7 28. Ne4 Nxe4 29. Qxe4 b4 30. h3 a5 31. Rc4 Qa6 32. d5 exd5 33. Rxd5 Rdc8 34. Nd4 Qf6 35. c6 Qh4 36. Rd7 Qf2 37. Rxc7 Rxc7 38. Nb5 Rc8 39. Nd6 Rc7 40. Ne8 Rc8 41. Nxg7 Kxg7 42. c7 Qb6 43. Rc6 Qa7 44. Qe5+ Kg8 45. Qd6 Qf2 46. Qd8+ Kh7 47. Qf6 Qe1+ 48. Kh2 Qe8 49. f5 h5 50. fxg6+ fxg6 51. Re6 Qf8 52. Re7+ Kh6 53. Qe5 Qg8 54. h4 Qf8 55. Qg5# 1-0


[Site "https://www.chess.com"]

[Event "Titled Tuesday Blitz November 22 Late 2022"]
[White "Szyszylo, Rafal"]
[Black "Xiong, Jeffery"]
[WhiteFideId "1109626"]
[BlackFideId "2047640"]
[WhiteElo "1981"]
[BlackElo "2725"]
[Result "0-1"]
[Round "02"]
[TimeControl "180+1"]
[Date "2022.11.23"]
[WhiteClock "0:00:06"]
[BlackClock "0:00:27"]

1. e4 c5 2. Nf3 d6 3. d4 cxd4 4. Nxd4 Nf6 5. Nc3 a6 6. Bc4 h5 7. Bb3 Nbd7 8. f4 Nc5 9. e5 Bg4 10. Qd2 dxe5 11. fxe5 Nxb3 12. axb3 Nd5 13. e6 Bxe6 14. Nxe6 fxe6 15. O-O Qb6+ 16. Kh1 O-O-O 17. Qe2 Qc6 18. Na4 g5 19. c4 Nf4 20. Bxf4 gxf4 21. Rxf4 Bh6 22. Re4 Rd2 23. Qf3 Rf8 24. Qg3 b5 25. Nc3 b4 26. Nd5 exd5 27. cxd5 Rxd5 28. Rae1 Rdf5 29. h3 Rf1+ 30. Kh2 Rxe1 31. Qxe1 Bf4+ 32. Kh1 Bg3 33. Qe2 Qc1+ 0-1


[Site "https://www.chess.com"]

[Event "Titled Tuesday Blitz November 22 Late 2022"]
[White "Tanenbaum, Zachary"]
[Black "Khandelwal, Ankush"]
[WhiteFideId "2060850"]
[BlackFideId "413470"]
[WhiteElo "2175"]
[BlackElo "2271"]
[Result "0-1"]
[Round "02"]
[TimeControl "180+1"]
[Date "2022.11.23"]
[WhiteClock "0:00:38"]
[BlackClock "0:00:18"]

1. e4 c5 2. Nf3 d6 3. d4 cxd4 4. Nxd4 Nf6 5. Nc3 a6 6. Be3 e5 7. Nb3 Be7 8. h3 h6 9. g4 Nbd7 10. Qd2 b5 11. O-O-O Bb7 12. f4 Nxe4 13. Nxe4 Bxe4 14. Bg2 Bxg2 15. Qxg2 O-O 16. g5 exf4 17. gxh6 Bg5 18. hxg7 Re8 19. Bd2 a5 20. h4 Bh6 21. Nd4 Qf6 22. Nc6 Nb6 23. Kb1 Na4 24. Bc1 f3 25. Rhf1 Bxc1 26. c3 fxg2 27. Rxf6 Be3 28. h5 Kxg7 29. Rf3 Kh6 30. Rxd6+ Kxh5 31. Rg3 g1=Q+ 32. Rxg1 Bxg1 33. Rd5+ Kg4 34. Rxb5 Re2 35. Ne5+ Kg3 36. Nxf7 Rf8 37. Rg5+ Kh4 38. Rxa5 Nxc3+ 39. bxc3 Rxf7 40. Ra4+ Kh3 41. Rd4 Rf1+ 42. Rd1 Rxd1# 0-1


[Site "https://www.chess.com"]

[Event "Titled Tuesday Blitz November 22 Late 2022"]
[White "Tang, Andrew"]
[Black "Lizak, Peter"]
[WhiteFideId "2059630"]
[BlackFideId "731595"]
[WhiteElo "2581"]
[BlackElo "2420"]
[Result "1-0"]
[Round "02"]
[TimeControl "180+1"]
[Date "2022.11.22"]
[WhiteClock "0:00:08"]
[BlackClock "0:00:02"]

1. d4 Nf6 2. c4 c5 3. d5 g6 4. Nc3 Bg7 5. e4 d6 6. Nge2 O-O 7. Ng3 h5 8. Be2 h4 9. Nf1 b5 10. cxb5 a6 11. a4 axb5 12. Bxb5 Ba6 13. Be2 Qa5 14. Nd2 Bxe2 15. Qxe2 Nbd7 16. O-O Rfb8 17. Nc4 Qa6 18. Ra3 Nb6 19. Nb5 Nxc4 20. Qxc4 Ne8 21. Qc2 Qc8 22. Bg5 Bf6 23. f4 Qg4 24. Raf3 h3 25. Rg3 Qd7 26. Rxh3 Rxa4 27. Qxa4 Qxb5 28. Qxb5 Rxb5 29. Ra1 Rb8 30. Ra4 Bd4+ 31. Kf1 f6 32. Bh4 Rxb2 33. Ra8 Kf7 34. Be1 f5 35. exf5 gxf5 36. Rh7+ Ng7 37. Rhh8 c4 38. Rac8 Bc5 39. Bc3 Rc2 40. Rcf8+ Kg6 41. Bxg7 Kxg7 42. Rhg8+ Kh7 43. Rg3 Rf2+ 44. Ke1 Rxf4 45. Kd1 Bd4 46. Rf7+ Kh6 47. Rxe7 c3 48. Re6+ Kh5 49. Rf3 Rg4 50. Rxf5+ Kh4 51. Rh6# 1-0


[Site "https://www.chess.com"]

[Event "Titled Tuesday Blitz November 22 Late 2022"]
[White "Tari, Aryan"]
[Black "Suder, Jakub"]
[WhiteFideId "1510045"]
[BlackFideId "1195310"]
[WhiteElo "2612"]
[BlackElo "2243"]
[Result "1-0"]
[Round "02"]
[TimeControl "180+1"]
[Date "2022.11.22"]
[WhiteClock "0:00:54"]
[BlackClock "0:00:30"]

1. e4 c5 2. Nc3 e6 3. d4 cxd4 4. Qxd4 Nc6 5. Qd3 Nf6 6. Bf4 d6 7. O-O-O e5 8. Bg3 Be6 9. f4 exf4 10. Bxf4 Rc8 11. Bxd6 Bxd6 12. Qxd6 Qa5 13. Bb5 a6 14. Ba4 b5 15. Bb3 Bxb3 16. axb3 Qa1+ 17. Nb1 a5 18. Ne2 Nb4 19. Qe5+ Kf8 20. Qd6+ Kg8 21. Qd8+ 1-0


[Site "https://www.chess.com"]

[Event "Titled Tuesday Blitz November 22 Late 2022"]
[White "Terry, Renato"]
[Black "Oro, Faustino"]
[WhiteFideId "3803457"]
[BlackFideId "20000197"]
[WhiteElo "2577"]
[BlackElo "2066"]
[Result "1-0"]
[Round "02"]
[TimeControl "180+1"]
[Date "2022.11.22"]
[WhiteClock "0:00:20"]
[BlackClock "0:00:04"]

1. d4 Nf6 2. Bg5 d5 3. Bxf6 exf6 4. e3 c6 5. c4 Bd6 6. cxd5 cxd5 7. Nc3 Be6 8. Qb3 Qd7 9. g3 Nc6 10. Bg2 Rd8 11. Bxd5 Bxd5 12. Qxd5 O-O 13. Nge2 Nb4 14. Qe4 Rfe8 15. Qb1 Qh3 16. a3 Nc6 17. Qc2 Bc7 18. O-O-O Ba5 19. Nf4 Qd7 20. Kb1 Rc8 21. Rc1 Ne7 22. Qd3 Rc6 23. Nce2 Rd6 24. h4 Bb6 25. Nc3 Qd8 26. Rhd1 Nc6 27. h5 a6 28. Qc4 Na5 29. Qb4 Nc6 30. Qa4 Ba7 31. Nd3 f5 32. Ne2 Ne7 33. Nef4 b5 34. Qb3 g6 35. Ne5 Rf6 36. hxg6 hxg6 37. Rh1 Kg7 38. Nxf7 Qd7 39. Ng5 Rh8 40. Rxh8 Kxh8 41. Rh1+ Kg7 42. Rh7+ Kf8 43. Rf7+ 1-0


[Site "https://www.chess.com"]

[Event "Titled Tuesday Blitz November 22 Late 2022"]
[White "Tirelli, Mauro"]
[Black "Fiol, Fabrice"]
[WhiteFideId "845353"]
[BlackFideId "611670"]
[WhiteElo "2166"]
[BlackElo "2453"]
[Result "1-0"]
[Round "02"]
[TimeControl "180+1"]
[Date "2022.11.23"]
[WhiteClock "0:00:23"]
[BlackClock "0:00:15"]

1. d4 Nf6 2. c4 e6 3. Nf3 Bb4+ 4. Bd2 Qe7 5. g3 Nc6 6. Bg2 Bxd2+ 7. Qxd2 Ne4 8. Qc2 Qb4+ 9. Nbd2 Nxd2 10. Qxd2 Qxc4 11. O-O Qb4 12. Qf4 Qd6 13. Qh4 O-O 14. Rfd1 Qe7 15. Qh5 h6 16. Rac1 d6 17. e3 Bd7 18. a3 a5 19. h4 a4 20. Nd2 e5 21. d5 Na5 22. Rxc7 Rfc8 23. Rdc1 Rxc7 24. Rxc7 Qd8 25. Rc1 Rc8 26. Qd1 Qb6 27. Rxc8+ Bxc8 28. Qxa4 Qxb2 29. Qe8+ Kh7 30. Qxc8 Qxd2 31. Be4+ g6 32. Qf8 Qc1+ 33. Kg2 Qc7 34. h5 Nc4 35. Qe8 Nd2 36. hxg6+ Kg7 37. Bf5 e4 38. Be6 fxe6 39. dxe6 Nf3 40. e7 Ne5 41. Qf8+ Kxg6 42. e8=Q+ Nf7 43. Qe6+ Kh7 44. Qfxf7+ Qxf7 45. Qxf7+ Kh8 46. Kh3 h5 47. Kh4 1-0


[Site "https://www.chess.com"]

[Event "Titled Tuesday Blitz November 22 Late 2022"]
[White "Tomaszewski, Kacper"]
[Black "Schmidt, Harald"]
[WhiteFideId "1127373"]
[BlackFideId "4648358"]
[WhiteElo "2211"]
[BlackElo "2277"]
[Result "0-1"]
[Round "02"]
[TimeControl "180+1"]
[Date "2022.11.23"]
[WhiteClock "0:00:02"]
[BlackClock "0:00:43"]

1. Nf3 c5 2. e3 d5 3. b3 a6 4. Bb2 Bg4 5. h3 Bxf3 6. Qxf3 e6 7. d3 Nf6 8. Nd2 Be7 9. g4 O-O 10. Bg2 Nc6 11. O-O Rc8 12. Qg3 b5 13. f4 c4 14. Nf3 Nb4 15. g5 Ne8 16. f5 exf5 17. Qe5 Bd6 18. Qxf5 Nxc2 19. Ne5 Nxe3 20. Nxf7 Nxf5 21. Nxd8 Rxd8 22. Bxd5+ Kh8 23. Be6 Bc5+ 24. d4 Bxd4+ 25. Bxd4 Rxd4 26. Rxf5 Rxf5 27. Bxf5 Rd5 28. Rf1 Nd6 29. Bc8 Rxg5+ 30. Kh2 g6 31. bxc4 bxc4 32. Bxa6 Ra5 33. Rf8+ Kg7 34. Ra8 c3 35. Ra7+ Kh6 36. Kg3 c2 37. Rc7 Nf5+ 38. Kf2 Rxa2 39. Be2 Nd4 40. Ke3 Nxe2 0-1


[Site "https://www.chess.com"]

[Event "Titled Tuesday Blitz November 22 Late 2022"]
[White "Toniutti, Ezio"]
[Black "Kaganskiy, Gleb"]
[WhiteFideId "113034"]
[BlackFideId "4132025"]
[WhiteElo "2215"]
[BlackElo "2165"]
[Result "1/2-1/2"]
[Round "02"]
[TimeControl "180+1"]
[Date "2022.11.23"]
[WhiteClock "0:00:06"]
[BlackClock "0:00:04"]

1. d4 Nf6 2. c4 g6 3. Nc3 Bg7 4. e4 d6 5. f4 c5 6. d5 O-O 7. Nf3 e6 8. Be2 exd5 9. cxd5 b5 10. e5 dxe5 11. fxe5 Ng4 12. Bg5 Qa5 13. O-O Nxe5 14. d6 Bb7 15. Nd5 Bxd5 16. Qxd5 Nbd7 17. Be7 Rfe8 18. Nxe5 Nxe5 19. d7 Red8 20. Rad1 Qb6 21. Qxa8 Rxa8 22. d8=Q+ Rxd8 23. Rxd8+ Bf8 24. Rxf8+ Kg7 25. Kh1 f5 26. Rd8 Qe6 27. Bg5 Nc6 28. Rd2 Nd4 29. Bf3 Qxa2 30. Rdd1 Qxb2 31. Rb1 Qa2 32. Ra1 Qf7 33. Be3 Nc2 34. Bxc5 Nxa1 35. Rxa1 Qc4 36. Rxa7+ Kh6 37. Be3+ g5 38. Bg1 f4 39. Ra6+ Kg7 40. h3 b4 41. Rb6 b3 42. Rb7+ Kg6 43. Rb6+ Kg7 44. Rc6 Qb5 45. Rc7+ Kg6 46. Rc6+ Kg7 47. Rb6 Qc4 1/2-1/2


[Site "https://www.chess.com"]

[Event "Titled Tuesday Blitz November 22 Late 2022"]
[White "Torres Dominguez, David"]
[Black "Lopez Mulet, Inigo"]
[WhiteFideId "2220857"]
[BlackFideId "22235620"]
[WhiteElo "2037"]
[BlackElo "2289"]
[Result "0-1"]
[Round "02"]
[TimeControl "180+1"]
[Date "2022.11.23"]
[WhiteClock "0:00:03"]
[BlackClock "0:00:25"]

1. e4 g6 2. Nc3 Bg7 3. f4 c5 4. Nf3 Nc6 5. Be2 d6 6. O-O h5 7. d3 Bg4 8. Ng5 Nf6 9. h3 Bxe2 10. Nxe2 h4 11. Bd2 b5 12. Qe1 Qb6 13. Kh2 a5 14. a3 Nh7 15. Bc3 Nd4 16. Nxd4 cxd4 17. Bd2 Nxg5 18. fxg5 Be5+ 19. Bf4 Qc5 20. Qd2 Rc8 21. Rf2 a4 22. Raf1 Rh7 23. Kh1 Kf8 24. Bxe5 Qxe5 25. Kg1 Kg8 26. Rf4 Qxg5 27. R1f2 Qc5 28. Qe2 Qg5 29. Qf3 f6 30. Rg4 Qh5 31. e5 dxe5 32. Qd5+ Rf7 33. Qxb5 Qh6 34. Qd7 Rcf8 35. Qf5 Rg7 36. Qe4 Qc1+ 37. Kh2 g5 38. g3 hxg3+ 39. Rxg3 Qxb2 40. Qd5+ Rff7 41. Qd8+ Kh7 42. Qd7 Qb6 43. Qf5+ Kg8 44. h4 gxh4 45. Rh3 Rg5 46. Qf3 Qd6 47. Rxh4 e4+ 48. Qf4 Qxf4+ 49. Rfxf4 exd3 50. cxd3 e5 51. Rfg4 Rxg4 52. Rxg4+ Rg7 53. Rh4 Rh7 54. Rxh7 Kxh7 55. Kg3 Kg6 56. Kf3 Kf5 57. Kg3 Kg5 58. Kf3 f5 59. Ke2 e4 60. Kd2 Kf4 61. Ke2 e3 62. Ke1 Kf3 63. Kf1 Kg3 64. Ke2 Kg2 65. Ke1 f4 66. Ke2 f3+ 67. Kd1 Kf2 0-1


[Site "https://www.chess.com"]

[Event "Titled Tuesday Blitz November 22 Late 2022"]
[White "Trent, Lawrence"]
[Black "Oparin, Grigoriy"]
[WhiteFideId "408638"]
[BlackFideId "24125890"]
[WhiteElo "2458"]
[BlackElo "2639"]
[Result "1-0"]
[Round "02"]
[TimeControl "180+1"]
[Date "2022.11.23"]
[WhiteClock "0:00:17"]
[BlackClock "0:00:12"]

1. Nc3 a6 2. d4 b5 3. e4 Bb7 4. Bd3 e6 5. Nf3 c5 6. dxc5 Bxc5 7. O-O Ne7 8. Qe2 Nbc6 9. Be3 Qb6 10. Bxc5 Qxc5 11. a3 Ng6 12. Rae1 Nf4 13. Qe3 Qxe3 14. Rxe3 Ke7 15. g3 Ng6 16. e5 f6 17. exf6+ gxf6 18. Rd1 Rad8 19. Be4 Kf7 20. Nd4 Nge7 21. Nxc6 Bxc6 22. Bxc6 dxc6 23. Red3 Rxd3 24. Rxd3 Nd5 25. Ne4 a5 26. c4 bxc4 27. Rd4 Rb8 28. Rxc4 Ne7 29. Rc2 f5 30. Nc5 Rd8 31. Re2 Rd6 32. Nb3 Rd5 33. Rd2 a4 34. Rxd5 Nxd5 35. Nc5 Nb6 36. b3 axb3 37. Nxb3 Ke7 38. Kf1 Kd6 39. Ke2 c5 40. Nd2 Kd5 41. Kd3 c4+ 42. Kc3 Kc5 43. Nf3 Na4+ 44. Kc2 Kd5 45. h4 h6 46. Nd2 e5 47. Nf1 f4 48. g4 e4 49. g5 hxg5 50. hxg5 Ke5 51. Nd2 Kf5 52. Nxe4 Nb6 53. f3 Na4 54. Kd2 Kg6 55. Nd6 c3+ 56. Kd3 Kxg5 57. Ne4+ Kh4 58. Nxc3 Nb6 59. Ne2 Kg5 60. Kd4 Na4 61. Nc3 Nb6 62. a4 Kh4 63. a5 Nc8 64. Ne2 Kh3 65. Nxf4+ Kg3 66. Ke3 Na7 67. Ne2+ Kh4 68. Kd4 Kg5 69. Kc5 Nc8 70. Kc6 Kf5 71. a6 Na7+ 72. Kb7 Nb5 73. a7 Nxa7 74. Kxa7 1-0


[Site "https://www.chess.com"]